 Dungeon Crawl Stone Soup version 0.31-a0-1029-ge8c24b2130 (webtiles) character file.

Game seed: 4270761952005272881

13549 MackTheKnife the Cleaver (level 12, -7/102 HPs)
             Began as a Formicid Fighter on Nov 18, 2023.
             Was an Elder of Okawaru.
             Mangled by a minotaur
             ... wielding a +2 dagger of venom
              (10 damage)
             ... in a Gauntlet.
             The game lasted 00:27:24 (13350 turns).

MackTheKnife the Cleaver (Formicid Fighter)        Turns: 13350, Time: 00:27:25

Health: -7/102     AC: 12    Str: 23    XL:     12   Next: 34%
Magic:  0/21       EV: 15    Int:  9    God:    Okawaru [****..]
Gold:   1176       SH:  7    Dex: 15    Spells: 11/11 levels left

rFire   . . .        m - +2 hand axe (elec) {axe}
rCold   . . .        f - +1 buckler
rNeg    + + .        D - +0 swamp dragon scales
rPois   +            (helmet unavailable)
rElec   .            z - +2 cloak {Will+}
rCorr   .            E - +0 pair of gloves
SInv    +            (no boots)
Will    ++...        c - amulet of guardian spirit
Stlth   +            g - +5 ring of evasion
HPRegen 0.37/turn    r - ring of Icvet {rN++ MP+9}
MPRegen 0.17/turn

%: guardian spirit
@: no status effects
A: permanent stasis, dig shafts and tunnels, antennae 3, four strong arms
a: Dig, Renounce Religion, Heroism, Finesse


You were in a Gauntlet.
You worshipped Okawaru.
Okawaru was greatly pleased with you.
You visited 2 branches of the dungeon, and saw 12 of its levels.
You also visited: Gauntlet.

You collected 1284 gold pieces.
You spent 108 gold pieces at shops.


Innate Abilities, Weirdness & Mutations

You cannot be hasted, slowed, berserked, paralysed or teleported.
You can dig through walls and to a lower floor.
You have a pair of large antennae on your head. (SInv)
Your four strong arms can wield two-handed weapons with a shield.


   Skills:
 + Level 11.8 Fighting
 - Level 14.7 Axes
 - Level 3.2 Armour
 + Level 8.9 Shields
 - Level 2.0 Evocations


You had 11 spell levels left.
You didn't know any spells.
Your spell library contained the following spells:

 Spells                   Type           Power      Damage    Failure   Level
 Slow                     Hex            0%         N/A       58%         1
 Confusing Touch          Hex            0%         N/A       91%         3
 Sigil of Binding         Hex            0%         N/A       91%         3
 Vampiric Draining        Necr           0%         2d6       91%         3
 Dimensional Bullseye     Hex/Tloc       0%         N/A       100%        4
 Iskenderun's Mystic Bla  Conj/Tloc      0%         2d3       100%        4
 Tukima's Dance           Hex            Unusable   N/A       N/A         3

Inventory:

Hand Weapons
 e - a +1 war axe of venom {axe}
   (You found it on level 7 of the Dungeon)
 l - the +11 Singing Sword {sonic wave}
   (You found it on level 7 of the Dungeon)
 m - a +2 hand axe of electrocution (weapon) {axe}
   (You took it off an orc on level 6 of the Dungeon)
 v - a +2 whip of electrocution {mace}
   (You took it off a gnoll on level 5 of the Dungeon)
 y - a +0 battleaxe {axe}
   (You took it off a wight on level 8 of the Dungeon)
Missiles
 u - 7 poisoned darts (quivered) {throwing}
Armour
 f - a +1 buckler (worn)
   (You found it on level 1 of the Dungeon)
 z - a +2 cloak of willpower (worn)
   (You took it off Crazy Yiuf on level 4 of the Dungeon)
 D - +0 swamp dragon scales (worn)
   (You took it off Maggie on level 10 of the Dungeon)
 E - a +0 pair of gloves (worn)
   (You found it on level 10 of the Dungeon)
Jewellery
 c - an amulet of guardian spirit (around neck)
   (You found it on level 1 of the Dungeon)
 g - a +5 ring of evasion (left hand)
   (You took it off a hobgoblin on level 2 of the Dungeon)
 r - the ring of Icvet (right hand) {rN++ MP+9}
   (You found it in a Gauntlet)

   [ring of magical power]

   rN++:      It greatly protects you from negative energy.
   MP+9:      It affects your magic capacity (+9).
Wands
 w - a wand of flame (46)
   (You found it on level 7 of the Dungeon)
 B - a wand of roots (10)
   (You found it on level 8 of the Dungeon)
Scrolls
 b - a scroll of summoning
 d - 2 scrolls of vulnerability {!r!r}
 h - 6 scrolls of enchant weapon
 n - a scroll of fog {unknown}
 t - a scroll of enchant armour
 F - a scroll of silence {unknown}
Potions
 a - a potion of enlightenment
 j - a potion of resistance {unknown}
 k - 3 potions of cancellation
 o - 2 potions of curing {@q1}
 s - 2 potions of magic
 x - 3 potions of lignification {!q}
 A - a potion of attraction {!q}
 C - a potion of brilliance {unknown}
Miscellaneous
 i - a lightning rod (inert)
   (You found it on level 11 of the Dungeon)

Dungeon Overview and Level Annotations

Branches:
Dungeon (11/15) Zot: 26871  Temple (1/1) D:5 Zot: 5987    Lair (0/5) D:11
    Orc (0/2) D:10        Gauntlet (1/1) Zot: 5413

Altars:
Ashenzari
Cheibriados
Dithmenos
Elyvilon
Fedhas
Gozag
Hepliaklqana
Kikubaaqudgha
Makhleb
Nemelex Xobeh
Okawaru
Qazlal
Ru
Sif Muna
Trog
Uskayaw
Vehumet
Wu Jian
Xom
Yredelemnul
Zin
The Shining One

Shops:
D:6 !   D:8 =   D:9 (   D:11 :

Annotations:
D:3 1 runed translucent door
D:6 exclusion: sensed monster (detected)
D:10 Joseph Gauntlet 7 transporters, exclusion: oklob plant

####### #≈≈≈≈≈#
#≈≈∩≈≈# #≈H..≈#
###@### #.....#
######'#######
#.............#
#.###.###.###.#
#.###.###.###.#
#.............#
##.###.###.###
#####.###.###.#####


You could see a minotaur (rooted).


Message History

You are poisoned.
The minotaur gores you!
* * * LOW HITPOINT WARNING * * *
😨 HP[-10] MP[-2]
You take 10 damage, and now have 50/102 hp.
You lost 2 mp, and now have 5/21 mp.
Unknown command.
You hit the minotaur but do no damage.
You feel sick.
Unknown command.
You hit the minotaur.
You feel sick. 😨 HP[-1]
You take 1 damage, and now have 49/102 hp.
Unknown command.
You hit the minotaur but do no damage.
You feel sick.
The minotaur hits you with a +2 dagger of venom!
* * * LOW HITPOINT WARNING * * *
You are more poisoned.
The minotaur gores you but does no damage. 😨 HP[-8] MP[-1]
You take 8 damage, and now have 41/102 hp.
You lost 1 mp, and now have 4/21 mp.
Unknown command.
You feel better. The minotaur misses you.
The minotaur gores you but does no damage. 😨 HP[+7]
You regained 7 hp, and now have 48/102 hp.
You hit the minotaur. You closely miss the minotaur.
The minotaur furiously retaliates!
The minotaur headbutts you, but does no damage.
You hit the minotaur but do no damage.
The minotaur hits you with a +2 dagger of venom!
* * * LOW HITPOINT WARNING * * *
The minotaur gores you but does no damage. 😨 HP[-9] MP[-1]
You take 9 damage, and now have 39/102 hp.
You lost 1 mp, and now have 3/21 mp.
You hit the minotaur but do no damage.
Your hands slow down. 😨 HP[+1] Unknown command.
Okay, then.
Aiming: Fastroot
Press: ? - help, Shift-Dir - straight line The roots erupt in riotous growth!
Roots grab the minotaur.
The grasping roots constrict the minotaur.
The minotaur completely misses you. You block the minotaur's attack.
Unknown command.
Unknown command.
You slash the minotaur!
The grasping roots constrict the minotaur, but do no damage. 😨 MP[+1] Unknown command.
You hit the minotaur but do no damage.
The grasping roots constrict the minotaur.
The roots release their grip on the minotaur.
The minotaur barely misses you. x2
Unknown command.
Aiming: Fastroot
Press: ? - help, Shift-Dir - straight line The roots erupt in riotous growth!
Roots grab the minotaur.
The grasping roots constrict the minotaur.
The minotaur misses you.
You block the minotaur's attack. 😨 HP[+1] Unknown command.
You hit the minotaur.
The grasping roots constrict the minotaur.
The roots release their grip on the minotaur.
The minotaur hits you with a +2 dagger of venom!
* * * LOW HITPOINT WARNING * * *
The minotaur gores you but does no damage. 😨 HP[-10] MP[-1]
You take 10 damage, and now have 31/102 hp.
You lost 1 mp, and now have 3/21 mp.
Unknown command.
You hit the minotaur.
Aiming: Fastroot
Press: ? - help, Shift-Dir - straight line The roots erupt in riotous growth!
Roots grab the minotaur.
You feel like a meek peon again.
The grasping roots constrict the minotaur, but do no damage.
The minotaur hits you with a +2 dagger of venom!!
* * * LOW HITPOINT WARNING * * *
The minotaur gores you!
* * * LOW HITPOINT WARNING * * *
😱 HP[-30] MP[-3]
You take 30 damage, and now have 1/102 hp.
MASSIVE DAMAGE!! (PAUSE)
You lost 3 mp, and now have 0/21 mp.
Unknown command.
Okay, then.
Unknown command.
You feel much better.
The grasping roots constrict the minotaur, but do no damage.
The minotaur hits you with a +2 dagger of venom!!
* * * LOW HITPOINT WARNING * * *
The minotaur gores you!
You die...

Skill      XL: |  1  2  3  4  5  6  7  8  9 10 11 12 |
---------------+-------------------------------------+-----
Fighting       | 4 7 10 11 | 11.8
Axes           | 3 4 5 6 10 13 14 | 14.7
Evocations     | 2 |  2.0
Shields        | 6 8 |  8.9
Armour         | |  3.2

Action                     |  1- 3 |  4- 6 |  7- 9 | 10-12 || total
---------------------------+-------+-------+-------+-------++-------
  Melee: War axe           |    88 |   128 |       |    20 ||   236
         Unarmed           |       |    17 |       |       ||    17
         Flail             |       |    15 |   138 |       ||   153
         Whip              |       |       |    93 |     9 ||   102
         Hand axe          |       |       |    83 |   425 ||   508
  Throw: Dart              |       |       |       |    19 ||    19
 Invoke: Heroism           |       |       |       |     6 ||     6
         Finesse           |       |       |       |     1 ||     1
  Evoke: Wand              |       |       |     2 |    12 ||    14
         Lightning rod     |       |       |       |     4 ||     4
    Use: Potion            |     1 |     4 |     3 |     6 ||    14
         Scroll            |       |     5 |     6 |     4 ||    15
   Stab: Held in net/web   |       |       |       |     1 ||     1
 Armour: Scale mail        |    49 |    65 |   132 |   168 ||   414
         Skin              |       |    12 |       |    27 ||    39
         Swamp dragon scal |       |       |       |    69 ||    69
  Dodge: Dodged            |    31 |    81 |   175 |   211 ||   498
  Block: Buckler           |    28 |    32 |    71 |   100 ||   231

Levels and vault maps discovered:
D:1:      heliophobic_arrival_dark_side_of_the_moon, layout_rooms,
          nrook_campfire, amethyst_killhole, minmay_pentomino_q2
D:2:      layout_rooms, hellmonk_ecumenical_altar_pennies_from_heaven,
          minmay_circle_x
D:3:      layout_basic, dk_yredelemnul_ordeal, mainiacjoe_overflow_chevrons,
          moated_statue, minmay_crystal_water
D:4:      layout_basic, mainiacjoe_overflow_alcove_1, lemuel_doored_altar,
          nicolae_wu_jian_glorious_leap, grunt_temple_overflow_opulence,
          grunt_ministairs_5, uniq_crazy_yiuf_cottage, uniq_edmund
D:5:      layout_basic, nicolae_overflow_hidden_temple,
          minmay_temple_entry_mini_moons, uniq_prince_ribbit1
D:6:      kennysheep_spiral_hall, layout_loops_ring, lemuel_round_altar,
          serial_shops, nicolae_shop_tiny_waterfront, minmay_hedge_maze,
          uniq_menkaure
D:7:      old_forge, layout_basic, zin_statuary, chequers_serial_rivers_marsh,
          serial_park_tiny_2, uniq_jeremiah
D:8:      layout_basic, mainiacjoe_overflow_alcove_2, serial_shops, shop
D:9:      layout_small_grid, mainiacjoe_overflow_six_doors_small, serial_shops,
          shop, serial_ice, serial_ice_l, serial_ice_c, serial_ice_h,
          serial_ice_e
D:10:     layout_basic, lemuel_tele_altar, kiku_gazebo_garden_becter,
          orc_0_dummy, uniq_harold, uniq_psyche, uniq_joseph, uniq_maggie
D:11:     layout_irregular_city, grunt_lair_entry_orc_guard_hut, serial_shops,
          shop, gauntlet_entry_generic, nemelex_altar_shiori, uniq_sonja
Temple:   hellmonk_temple_two_chambers
Gauntlet: gammafunk_gauntlet_shortcut [nicolae_gauntlet_arena_x,
          gammafunk_gauntlet_arena_open, gammafunk_gauntlet_arena_mazey,
          gammafunk_gauntlet_arena_arrow_garden,
          gammafunk_gauntlet_arena_spirals, nicolae_gauntlet_swirl,
          gauntlet_exit_watery]

Notes
Turn   | Place    | Note
-------+----------+-------------------------------------------
     0 | D:1      | MackTheKnife the Formicid Fighter began the quest for the
                  | Orb.
     0 | D:1      | Reached XP level 1. HP: 18/18 MP: 1/1
     0 | D:1      | magus.rc [v1.9.6]
   166 | D:1      | Reached XP level 2. HP: 18/24 MP: 2/2
   417 | D:1      | Reached XP level 3. HP: 30/30 MP: 3/3
   433 | D:1      | Reached skill level 4 in Fighting
   556 | D:1      | HP: 6/30 [gnoll/+0 club (6)]
   559 | D:1      | Reached skill level 3 in Axes
   564 | D:1      | Reached XP level 4. HP: 6/37 MP: 1/4
   564 | D:1      | HP: 4/37 [kobold/+0 whip (2)]
  1231 | D:2      | Found a faded altar of an unknown god.
  1379 | D:3      | Found a radiant altar of Vehumet.
  1542 | D:3      | Reached skill level 4 in Axes
  1542 | D:3      | Reached XP level 5. HP: 42/42 MP: 5/5
  1851 | D:3      | Found a runed translucent door.
  1851 | D:3      | Noticed a human
  1861 | D:3      | Found a basalt altar of Yredelemnul.
  1965 | D:4      | Reached skill level 1 in Evocations
  2058 | D:4      | Noticed Edmund
  2136 | D:4      | HP: 10/63 [Edmund/+4 flail of venom (8)]
  2137 | D:4      | Killed Edmund
  2138 | D:4      | Reached skill level 5 in Axes
  2138 | D:4      | Reached skill level 2 in Evocations
  2138 | D:4      | Reached XP level 6. HP: 9/48 MP: 1/6
  2141 | D:4      | HP: 4/72 [poisoned by Edmund]
  2319 | D:3      | HP: 11/44 [wight/+4 long sword of freezing (1)]
  2319 | D:3      | HP: 5/44 [wight/+4 long sword of freezing (6)]
  2536 | D:4      | Reached XP level 7. HP: 55/55 MP: 7/7
  2625 | D:4      | Reached skill level 5 in Fighting
  2700 | D:4      | Found an ornate altar of the Wu Jian Council.
  2725 | D:4      | Found an opulent altar of Gozag.
  2725 | D:4      | Found a sparkling altar of Nemelex Xobeh.
  2785 | D:4      | Reached skill level 6 in Fighting
  3011 | D:4      | Found a runed translucent door.
  3012 | D:4      | Noticed Crazy Yiuf
  3180 | D:4      | Reached skill level 7 in Fighting
  3182 | D:4      | Reached XP level 8. HP: 61/67 MP: 8/8
  3229 | D:4      | Found a hazy altar of Hepliaklqana.
  3290 | D:4      | Found a bloodstained altar of Trog.
  3588 | D:5      | Entered Level 5 of the Dungeon
  3800 | D:5      | Noticed Prince Ribbit
  3877 | D:5      | Reached skill level 8 in Fighting
  4122 | D:4      | Killed Prince Ribbit
  4123 | D:4      | Reached skill level 9 in Fighting
  4340 | D:5      | Found a staircase to the Ecumenical Temple.
  4350 | Temple   | Entered the Ecumenical Temple
  4356 | Temple   | Became a worshipper of Warmaster Okawaru
  4383 | D:5      | Reached skill level 10 in Fighting
  4393 | D:5      | Reached skill level 6 in Axes
  4393 | D:5      | Reached XP level 9. HP: 64/78 MP: 9/9
  4795 | D:5      | Reached * piety under Okawaru
  4796 | D:5      | Reached skill level 7 in Axes
  4898 | D:5      | Found a blossoming altar of Fedhas.
  5384 | D:6      | Found a sacrificial altar of Ru.
  5431 | D:6      | Found Zoobesk's Distillery.
  5435 | D:6      | Bought a potion of heal wounds for 60 gold pieces
  5435 | D:6      | Bought a potion of might for 48 gold pieces
  5804 | D:6      | Reached skill level 8 in Axes
  6116 | D:6      | Noticed Menkaure
  6123 | D:6      | Killed Menkaure
  6162 | D:6      | Identified the +1 cloak of Decaying Brilliance {Str+2}
  6478 | D:4      | Killed Crazy Yiuf
  6479 | D:4      | Reached skill level 9 in Axes
  6692 | D:7      | Reached ** piety under Okawaru
  6980 | D:7      | Noticed Jeremiah
  6989 | D:7      | Killed Jeremiah
  6990 | D:7      | Reached skill level 10 in Axes
  6990 | D:7      | Reached XP level 10. HP: 78/85 MP: 10/10
  7096 | D:7      | Found a glowing silver altar of Zin.
  7484 | D:7      | Found the +11 Singing Sword {sonic wave}
  7872 | D:7      | Reached skill level 11 in Axes
  8167 | D:8      | Reached *** piety under Okawaru
  8286 | D:8      | Found a hide-covered altar of Uskayaw.
  8289 | D:8      | Noticed a two-headed ogre
  8301 | D:8      | Killed a two-headed ogre
  8302 | D:8      | Reached skill level 12 in Axes
  8819 | D:8      | Found Yfodgh's Jewellery Emporium.
  8869 | D:8      | You pick up a book of Debilitation and begin reading...
  8869 | D:8      | You add the spells Slow, Sigil of Binding, Vampiric
                  | Draining and Confusing Touch to your library.
  9487 | D:8      | Reached **** piety under Okawaru
  9525 | D:9      | Noticed a two-headed ogre
  9537 | D:8      | Reached skill level 13 in Axes
  9537 | D:8      | Reached XP level 11. HP: 81/90 MP: 11/11
  9834 | D:9      | Killed a two-headed ogre
  9843 | D:9      | Reached skill level 14 in Axes
 10261 | D:9      | Found Reacanwu's Weapon Emporium.
 10284 | D:9      | Noticed a two-headed ogre
 10584 | D:9      | Found a white marble altar of Elyvilon.
 10816 | D:9      | Killed a two-headed ogre
 10816 | D:9      | Reached ***** piety under Okawaru
 11031 | D:10     | Entered Level 10 of the Dungeon
 11098 | D:10     | You pick up a book of Weapons and begin reading...
 11098 | D:10     | You add the spells Dimensional Bullseye and Iskenderun's
                  | Mystic Blast to your library.
 11127 | D:10     | Received a gift from Okawaru
 11158 | D:10     | Found a staircase to the Orcish Mines.
 11159 | D:10     | Found a broken altar of Ashenzari.
 11161 | D:10     | Noticed Psyche
 11179 | D:10     | Killed Psyche
 11179 | D:10     | Noticed Maggie
 11189 | D:10     | Killed Maggie
 11257 | D:10     | Reached skill level 5 in Shields
 11433 | D:10     | Noticed Harold
 11458 | D:10     | Noticed a five-headed hydra
 11467 | D:10     | Killed Harold
 11478 | D:10     | Killed a five-headed hydra
 11479 | D:10     | Reached skill level 6 in Shields
 11666 | D:10     | magus.rc [v1.9.6]
 11757 | D:10     | Found an ancient bone altar of Kikubaaqudgha.
 11779 | D:10     | Noticed Joseph
 11830 | D:10     | Noticed a two-headed ogre
 11965 | D:10     | Killed a two-headed ogre
 11966 | D:10     | Reached XP level 12. HP: 88/99 MP: 12/12
 12440 | D:10     | Reached skill level 11 in Fighting
 12615 | D:11     | Identified a scroll of acquirement
 12615 | D:11     | Acquired 825 gold pieces
 12627 | D:11     | Found Onanott's Book Boutique.
 12678 | D:11     | Noticed a boulder beetle
 12686 | D:11     | Reached skill level 7 in Shields
 12695 | D:11     | Killed a boulder beetle
 12729 | D:11     | Reached skill level 8 in Shields
 12739 | D:11     | Found a gate leading to a gauntlet.
 12754 | Gauntlet | Entered a Gauntlet
 12754 | Gauntlet | Noticed a hell hog
 12754 | Gauntlet | Found a transporter.
 12754 | Gauntlet | Found a transporter.
 12853 | Gauntlet | Found a transporter.
 12857 | Gauntlet | Found a transporter.
 12861 | Gauntlet | Noticed a quicksilver ooze
 12867 | Gauntlet | Found a transporter.
 12934 | Gauntlet | Found a transporter.
 12948 | Gauntlet | Found a transporter.
 12959 | Gauntlet | Found a transporter.
 12979 | Gauntlet | Found a transporter.
 12984 | Gauntlet | Found a transporter.
 12990 | Gauntlet | Found a transporter.
 13242 | Gauntlet | Killed a quicksilver ooze
 13246 | Gauntlet | Identified the ring of Icvet {rN++ MP+9}
 13327 | Gauntlet | Identified the +1 chain mail of Fyken {rF- rN+ rCorr}
 13327 | Gauntlet | Noticed a minotaur
 13349 | Gauntlet | HP: 8/102 [minotaur/+2 dagger of venom (24)]
 13349 | Gauntlet | HP: 1/102 [minotaur/+2 dagger of venom (7)]
 13350 | Gauntlet | Mangled by a minotaur

Vanquished Creatures
  A quicksilver ooze (Gauntlet)
  Harold (D:10)
  A hydra (D:10)
  A boulder beetle (D:11)
  4 two-headed ogres
  An ugly thing (D:11)
  An elephant (D:11)
  Maggie (D:10)
  Psyche (D:10)
  Jeremiah (D:7)
  A troll (D:9)
  Prince Ribbit (D:4)
  A hornet (D:10)
  8 yaks
  An unseen horror simulacrum (D:9)
  A vampire (D:10)
  A wyvern (D:9)
  Menkaure (D:6)
  Edmund (D:4)
  2 water moccasins (D:5)
  A hell hound (Gauntlet)
  4 ice beasts
  2 black bears (D:4)
  A wolf (D:9)
  3 ogres
  3 centaurs
  A phantom (D:7)
  A kobold brigand (D:8)
  8 bullfrogs
  6 scorpions
  10 wights
  11 killer bees
  4 howler monkeys (D:7)
  2 jellies (D:5)
  4 hounds
  4 orc priests
  Crazy Yiuf (D:4)
  2 gnoll boudas
  3 sleepcaps
  3 iguanas
  3 orc wizards
  22 gnolls
  10 adders
  A shadow imp (D:6)
  A howler monkey simulacrum (D:9)
  4 white imps
  An ufetubus (D:9)
  3 worms
  3 dart slugs
  22 orcs
  6 bats
  8 endoplasms
  7 giant cockroaches
  11 goblins
  10 hobgoblins
  7 jackals
  14 kobolds
  5 quokkas
  9 ball pythons
  4 frilled lizards
  A goblin zombie (D:3)
  4 rats
261 creatures vanquished.

Vanquished Creatures (collateral kills)
  A wight (D:4)
1 creature vanquished.

Vanquished Creatures (others)
  A wight (D:4)
1 creature vanquished.

Grand Total: 263 creatures vanquished

Table legend:
 A = Non-vault XP
 B = Vault XP
 C = Vault XP percentage of total XP
 D = Non-vault monster count
 E = Vault monster count
 F = Vault count percentage of total count
                 A         B        C        D         E       F
            +---------+---------+-------+---------+---------+-------
      Total |   13325 |    6031 |  31.2 |     216 |      47 |  17.9
            +---------+---------+-------+---------+---------+-------
        D:1 |      67 |       6 |   8.2 |      31 |       2 |   6.1
        D:2 |      36 |      11 |  23.4 |      18 |       6 |  25.0
        D:3 |     158 |       1 |   0.6 |      16 |       1 |   5.9
        D:4 |     798 |     529 |  39.9 |      36 |       5 |  12.2
        D:5 |     973 |       0 |   0.0 |      23 |       0 |   0.0
        D:6 |     494 |     309 |  38.5 |      11 |       5 |  31.2
        D:7 |     892 |     634 |  41.5 |      20 |       9 |  31.0
        D:8 |    3833 |       0 |   0.0 |      41 |       0 |   0.0
        D:9 |    2414 |     725 |  23.1 |       9 |       9 |  50.0
       D:10 |    2254 |    1632 |  42.0 |       9 |       3 |  25.0
       D:11 |    1406 |     943 |  40.1 |       2 |       5 |  71.4
   Gauntlet |       0 |    1241 | 100.0 |       0 |       2 | 100.0
            +---------+---------+-------+---------+---------+-------

Skill      XL: |  1  2  3  4  5  6  7  8  9 10 11 12 |
---------------+-------------------------------------+-----
Fighting       | 4 7 10 11 | 11.8
Axes           | 3 4 5 6 10 13 14 | 14.7
Evocations     | 2 |  2.0
Shields        | 6 8 |  8.9
Armour         | |  3.2

Action                     |  1- 3 |  4- 6 |  7- 9 | 10-12 || total
---------------------------+-------+-------+-------+-------++-------
  Melee: War axe           |    88 |   128 |       |    20 ||   236
         Unarmed           |       |    17 |       |       ||    17
         Flail             |       |    15 |   138 |       ||   153
         Whip              |       |       |    93 |     9 ||   102
         Hand axe          |       |       |    83 |   425 ||   508
  Throw: Dart              |       |       |       |    19 ||    19
 Invoke: Heroism           |       |       |       |     6 ||     6
         Finesse           |       |       |       |     1 ||     1
  Evoke: Wand              |       |       |     2 |    12 ||    14
         Lightning rod     |       |       |       |     4 ||     4
    Use: Potion            |     1 |     4 |     3 |     6 ||    14
         Scroll            |       |     5 |     6 |     4 ||    15
   Stab: Held in net/web   |       |       |       |     1 ||     1
 Armour: Scale mail        |    49 |    65 |   132 |   168 ||   414
         Skin              |       |    12 |       |    27 ||    39
         Swamp dragon scal |       |       |       |    69 ||    69
  Dodge: Dodged            |    31 |    81 |   175 |   211 ||   498
  Block: Buckler           |    28 |    32 |    71 |   100 ||   231

Illustrated notes

Table legend:
 A = Kills in this place as a percentage of kills in the entire game.
 B = Kills by you in this place as a percentage of kills by you in the entire game.
 C = Kills by friends in this place as a percentage of kills by friends in the entire game.
 D = Other kills in this place as a percentage of other kills in the entire game.
 E = Experience gained in this place as a percentage of experience gained in the entire game.
 F = Experience gained in this place divided by the number of levels of this place that you have seen.
                   A       B       C       D       E      F
               +-------+-------+-------+-------+-------+----------------------
         Total | 100.0 | 100.0 | 100.0 | 100.0 | 100.0 | 1488.9
       Dungeon |  99.2 |  99.2 | 100.0 | 100.0 |  93.6 | 1646.8
      Gauntlet |   0.8 |   0.8 |   0.0 |   0.0 |   6.4 | 1241.0
               +-------+-------+-------+-------+-------+----------------------

Table legend: (Time is in decaauts)
 A = Elapsed time spent in this place.
 B = Non-inter-level travel time spent in this place.
 C = Inter-level travel time spent in this place.
 D = Time resting spent in this place.
 E = Time spent auto-exploring this place.
 F = Levels seen in this place.
 G = Mean time per level.
                   A        B        C        D        E       F      G
               +--------+--------+--------+--------+--------+-----+--------+
         Total |  13338 |  12209 |   1129 |   2394 |   7115 |  13 | 1026.0 |
       Dungeon |  12740 |  11611 |   1129 |   2177 |   6899 |  11 | 1158.2 |
        Temple |     12 |     12 |      0 |      0 |      0 |   1 |   12.0 |
      Gauntlet |    585 |    585 |      0 |    217 |    216 |   1 |  585.0 |
               +--------+--------+--------+--------+--------+-----+--------+

Top non-repeatable levels by time:
     D:4: 2030 daAuts
     D:8: 1831 daAuts
     D:9: 1466 daAuts
     D:7: 1347 daAuts
    D:10: 1295 daAuts
     D:5: 1184 daAuts
     D:6: 1079 daAuts
     D:3: 967 daAuts
     D:1: 843 daAuts
     D:2: 605 daAuts
Gauntlet: 585 daAuts
    D:11: 89 daAuts
  Temple: 12 daAuts
